AoeStats
← The Erion

Oasis

508454089Analyzed
4v4 RM · 11d ago on Sep 22, 2026· 32m 54s· 8 players
Game mode
Random Map
Map size
Large (8 player)
Population
200
Speed
Normal
Resources
Standard
Victory
Conquest
Starting age
Dark Age
Ending age
Imperial Age
RankedLock teamsTeams togetherTeam positionsShared explorationLock speedFull tech treeHidden civsTurbo modeCheats
Victory
Defeat
🇹🇼 Khmer · Taiwan
1103
+12
1045
+14
🇹🇼 Maya · Taiwan
971
+17
🇺🇸 Bulgarians · United States
955
+17
🇩🇪 Vietnamese · Germany
1045
-36
🇷🇺 Franks · Russia
1000
-45
🇷🇺 Italians · Russia
1000
-45
🇫🇮 Hindustanis · Finland
949
-13
Spumae
12:33 Feudal Age
Fat & Furious
14:51 Feudal Age
15:48 Man-at-Arms
16:17 Arson
18:09 Double-Bit Axe
23:40 Castle Age
27:07 Stone Mining
27:07 Gold Mining
26:53 Long Swordsman
30:03 Pikeman
31:02 Elite Skirmisher
Mozart
10:31 Feudal Age
9:00 Loom
15:33 Castle Age
13:37 Double-Bit Axe
16:26 Scale Barding Armor
17:05 Bow Saw
17:25 Gold Mining
21:11 Forging
23:17 Horse Collar
24:59 Bloodlines
26:36 Chain Barding Armor
27:25 Heavy Plow
28:35 Husbandry
sascha.n.89
10:45 Feudal Age
12:12 Wheelbarrow
12:14 Double-Bit Axe
12:12 Horse Collar
20:18 Castle Age
20:00 Stone Mining
21:32 Heavy Plow
21:45 Bow Saw
22:16 Stone Shaft Mining
23:24 Hand Cart
23:51 Gold Mining
25:04 Loom
29:41 Thumb Ring
31:11 Padded Archer Armor
31:03 Fletching
Gauntlet
11:26 Feudal Age
12:07 Double-Bit Axe
12:10 Arson
13:50 Forging
14:58 Scale Mail Armor
15:14 Loom
17:26 Wheelbarrow
22:45 Castle Age
23:12 Bloodlines
22:57 Horse Collar
23:29 Scale Barding Armor
26:08 Bow Saw
28:25 Heavy Plow
29:33 Pikeman
31:07 Chain Mail Armor
31:44 Iron Casting
32:22 Fletching
32:34 Gold Mining
33:03 Bodkin Arrow
ZedongMao
0:27 Loom
12:44 Feudal Age
17:28 Fletching
17:28 Double-Bit Axe
17:27 Horse Collar
20:33 Wheelbarrow
23:15 Castle Age
26:13 Crossbowman
26:59 Thumb Ring
28:18 Bodkin Arrow
28:47 Hand Cart
33:11 Bow Saw
The Erion
5:27 Loom
12:19 Feudal Age
13:20 Double-Bit Axe
13:18 Horse Collar
16:25 Castle Age
17:20 Bow Saw
18:16 Heavy Plow
22:18 Wheelbarrow
25:54 Husbandry
26:08 Bloodlines
26:31 Gold Mining
27:50 Hand Cart
31:55 Imperial Age
29:16 Town Watch
29:54 Stone Mining
30:42 Gold Shaft Mining
30:26 Scale Barding Armor
30:32 Forging
33:41 Chain Barding Armor
33:57 Iron Casting
打帝国需要戴老花镜
12:22 Feudal Age
17:13 Castle Age
14:59 Loom
16:35 Forging
16:17 Double-Bit Axe
17:06 Scale Barding Armor
24:12 Gold Mining
26:11 Iron Casting
26:57 Wheelbarrow
26:19 Town Watch
27:30 Chain Barding Armor
28:45 Pikeman
29:35 Scale Mail Armor
35:58 Imperial Age
Connection lost

Rejoining the realm…

Still unreachable

The connection could not be restored.

Session expired

The server has moved on; the page needs a fresh start.